 Dungeon Crawl Stone Soup version 0.30.1-3-gfc49f6343a (webtiles) character file.

Game seed: 15718110622866758005

2865 zeram the Covert (level 9, -4/41 HPs)
             Began as a Spriggan Brigand on July 25, 2023.
             Was an Initiate of Dithmenos.
             Killed from afar by an acid dragon (24 damage)
             ... with a splash of acid
             ... on level 7 of the Dungeon.
             The game lasted 00:14:44 (6887 turns).

zeram the Covert (Spriggan Brigand)                 Turns: 6887, Time: 00:14:44

Health: -4/41      AC:  3    Str:  7    XL:     9   Next: 47%
Magic:  19/19      EV: 27    Int: 16    God:    Dithmenos [......]
Gold:   355        SH:  0    Dex: 17    Spells: 20/20 levels left

rFire   . . .        a - +2 dagger
rCold   . . .        (no shield)
rNeg    . . .        b - +0 robe
rPois   .            (helmet restricted)
rElec   .            c - +0 cloak
rCorr   .            (gloves unavailable)
SInv    +            (boots unavailable)
Will    +....        (no amulet)
Stlth   +++++        k - +4 ring of slaying
HPRegen 0.26/turn    s - +5 ring of evasion
MPRegen 0.16/turn

%: no passive effects
@: very quick
A: very small, no large weapons, unfitting armour, see invisible, speed 3
a: Renounce Religion


You were on level 7 of the Dungeon.
You worshipped Dithmenos.
Dithmenos was noncommittal.
You visited 1 branch of the dungeon, and saw 7 of its levels.
You also visited: Sewer.

You collected 355 gold pieces.

Inventory:

Hand Weapons
 a - a +2 dagger (weapon)
Missiles
 d - 25 poisoned darts (quivered)
 e - 7 curare-tipped darts
Armour
 b - a +0 robe (worn)
 c - a +0 cloak (worn)
Jewellery
 k - a +4 ring of slaying (left hand)
 l - an amulet of faith
 s - a +5 ring of evasion (right hand)
Wands
 p - a wand of iceblast (5)
 q - a wand of light (5)
 t - a wand of flame (13)
Scrolls
 f - a scroll of fear
 g - a scroll of teleportation
 j - a scroll of fog
 o - 4 scrolls of magic mapping
 w - 2 scrolls of identify
 x - a scroll of enchant weapon {unknown}
Potions
 h - a potion of might
 i - a potion of brilliance
 m - 4 potions of flight
 n - 6 potions of curing
 r - 4 potions of heal wounds
 u - 2 potions of haste {unknown}
 v - a potion of lignification {unknown}
 z - a potion of resistance {unknown}


   Skills:
 - Level 1.5 Fighting
 + Level 8.7 Short Blades
 - Level 2.0 Throwing
 + Level 7.8 Dodging
 + Level 12.2 Stealth
 * Level 6.4 Spellcasting


You had 20 spell levels left.
You didn't know any spells.
Your spell library contained the following spells:

 Spells                   Type           Power      Damage    Failure   Level
 Kiss of Death            Conj/Necr      20%        2d7       13%         1
 Confusing Touch          Hex            5%         N/A       36%         3
 Stone Arrow              Conj/Erth      10%        3d7       36%         3
 Volatile Blastmotes      Fire/Tloc      10%        2d10      36%         3
 Anguish                  Hex/Necr       2%         N/A       78%         4
 Animate Armour           Summ/Erth      10%        N/A       78%         4
 Dispel Undead            Necr           5%         3d7       78%         4
 Fulminant Prism          Conj/Hex       2%         3d5       78%         4
 Iskenderun's Mystic Bla  Conj/Tloc      5%         2d3       78%         4
 Lee's Rapid Deconstruct  Erth           2%         3d5*      98%         5
 Metabolic Englaciation   Hex/Ice        2%         N/A       98%         5
 Enfeeble                 Hex            2%         N/A       100%        7
 Lehudib's Crystal Spear  Conj/Erth      2%         10d2      100%        8


Dungeon Overview and Level Annotations

Branches:
Dungeon (7/15)              Sewer (visited)
 Temple: D:4-7

Altars:
Cheibriados
Dithmenos
Qazlal
Trog

Shops:
D:1 *![?   D:5 :


Innate Abilities, Weirdness & Mutations

You are very small and have problems with some larger weapons.
You are too small for most types of armour.
You have supernaturally acute eyesight. (SInv)
You cover ground extremely quickly. (Speed+++)


Message History

You now have 344 gold pieces (gained 15).
Items here: )) [[ †††.
Items here: )) [[ †††.
Okay, then.
HP restored.
You now have 355 gold pieces (gained 11).
Items here: ) ? [ †.
d - 24 poisoned darts (gained 1)
d - 25 poisoned darts (gained 1)
The acid dragon roars!
An acid dragon is nearby!
An acid dragon is nearby!
An acid dragon is nearby!
There is a stone staircase leading down here.
You hit the acid dragon.
The acid dragon is lightly wounded.
The acid dragon completely misses you. The acid dragon claws you.
You closely miss the acid dragon.
The acid dragon is lightly wounded.
You barely miss the acid dragon.
The acid dragon is lightly wounded.
The acid dragon misses you. x2
You hit the acid dragon.
The acid dragon is moderately wounded.
The acid dragon barely misses you. The acid dragon claws you.
You puncture the acid dragon!
The acid dragon is severely wounded.
You hit the acid dragon.
The acid dragon is severely wounded.
The acid dragon bites you! The acid dragon closely misses you.
You are too injured to fight recklessly!
You are too injured to fight recklessly!
You are too injured to fight recklessly!
The steam dragon hisses angrily.
You hit the acid dragon.
The acid dragon is severely wounded.
The acid dragon spits acid at you. The splash of acid hits you!!
Ouch! That really hurt!
You die...

#)#........#.# ###
#.####...>.#.#♣♣.♣ #.#
#.....#.#♣.♣♣ ♣♣♣♣
######.####.....#.#.♣♣ ♣...
#.......)..#....#.#♣.♣♣ ♣...
#......))..#....#.#♣♣.♣♣ ♣..'
#..........#......# ♣♣.♣# ♣..#
#.............(...#♣♣♣♣)#♣♣..#
#..........##@...............#
#..........###>...#♣♣♣♣.#♣♣O.#
#..........# #D(..# ♣♣)♣# ♣..#
#......$<..# #....#♣♣)♣♣ ♣..O
############ #.#..#♣.♣♣ ♣...
#....#.♣♣ ♣... #.(..#♣.♣♣ ♣♣♣♣
#(...#♣♣.♣ ##...D#######


You could see an acid dragon (catching breath).

Vanquished Creatures
  A cyclops (D:6)
  A kobold demonologist (D:6)
  A troll (D:6)
  2 water moccasins
  A black bear (D:7)
  2 orc warriors
  A sky beast (D:7)
  3 ogres
  2 centaurs
  A phantom (D:5)
  3 kobold brigands
  3 scorpions
  5 hounds
  4 jellies
  An orc priest (D:6)
  An iguana (D:4)
  3 orc wizards
  2 river rats (Sewer)
  3 adders
  2 white imps
  An ufetubus (D:5)
  3 worms
  5 dart slugs
  12 orcs
  3 bats
  5 endoplasms
  7 giant cockroaches
  7 goblins
  5 hobgoblins
  6 jackals
  10 kobolds
  3 quokkas
  4 ball pythons
  A frilled lizard (D:2)
  6 rats
120 creatures vanquished.

Vanquished Creatures (others)
  An orc (D:7)
1 creature vanquished.

Grand Total: 121 creatures vanquished

Notes
Turn   | Place    | Note
-------+----------+-------------------------------------------
     0 | D:1      | zeram the Spriggan Brigand began the quest for the Orb.
     0 | D:1      | Reached XP level 1. HP: 10/10 MP: 2/2
    22 | D:1      | Found Uluen Reirph's Antique Armour Emporium.
    38 | D:1      | Reached skill level 6 in Stealth
   216 | D:1      | Reached XP level 2. HP: 14/14 MP: 3/3
   319 | D:1      | Found Utiogre's General Store.
   397 | D:1      | Reached skill level 7 in Stealth
   430 | D:1      | Found Rixin's Distillery.
   496 | D:1      | Found Utiog's Magic Scroll Shop.
  1334 | D:2      | Reached XP level 3. HP: 18/18 MP: 4/4
  1509 | D:2      | Found a faded altar of an unknown god.
  2498 | D:4      | Got the Almanac of Bad Luck
  2563 | D:4      | Noticed a scorpion
  2587 | D:4      | Killed a scorpion
  2588 | D:4      | Reached skill level 8 in Stealth
  2588 | D:4      | Reached XP level 4. HP: 17/22 MP: 5/5
  3115 | D:5      | Entered Level 5 of the Dungeon
  3141 | D:5      | Reached XP level 5. HP: 25/25 MP: 6/6
  3147 | D:5      | Found a glowing drain.
  3156 | D:5      | Noticed a phantom
  3165 | Sewer    | Entered a sewer
  3242 | Sewer    | Reached skill level 1 in Spellcasting
  3256 | Sewer    | Reached skill level 9 in Stealth
  3271 | Sewer    | Reached XP level 6. HP: 20/30 MP: 9/9
  3341 | Sewer    | Found a white marble altar of Elyvilon.
  3593 | D:5      | Found Xyawuahu's Book Shop.
  3674 | D:4      | Reached skill level 5 in Short Blades
  3785 | D:4      | Reached XP level 7. HP: 7/33 MP: 10/12
  3970 | D:5      | Reached skill level 10 in Stealth
  4303 | D:5      | Found a snail-covered altar of Cheibriados.
  4441 | D:5      | Found a shadowy altar of Dithmenos.
  4815 | D:7      | Reached XP level 8. HP: 15/37 MP: 13/15
  4960 | D:7      | Noticed a troll
  4961 | D:7      | Noticed a deep elf pyromancer
  5122 | D:7      | Reached skill level 5 in Dodging
  5677 | D:6      | Noticed a kobold demonologist
  5682 | D:6      | Noticed a sun demon
  5943 | D:6      | Reached skill level 11 in Stealth
  5943 | D:6      | Reached skill level 5 in Spellcasting
  6095 | D:6      | Noticed a red devil
  6095 | D:6      | Killed a kobold demonologist
  6136 | D:6      | Reached XP level 9. HP: 41/41 MP: 18/18
  6156 | D:6      | Noticed a cyclops
  6258 | D:6      | Killed a cyclops
  6307 | D:6      | Noticed a troll
  6327 | D:6      | Killed a troll
  6328 | D:6      | Reached skill level 12 in Stealth
  6649 | D:5      | Became a worshipper of Dithmenos the Shadowed
  6724 | D:7      | Found a stormy altar of Qazlal.
  6725 | D:7      | Found a bloodstained altar of Trog.
  6887 | D:7      | Killed from afar by an acid dragon

Illustrated notes

Levels and vault maps discovered:
D:1:      lightli_arrival_chessboard, layout_loops_corners, serial_shops, shop,
          shop, nicolae_shop_advertising_works [nicolae_subvault_shop_adworks],
          nicolae_shop_tiny_waterfront, kennysheep_small_spiral
D:2:      layout_loops_corners, dreamdust_ecumenical_altar_grove,
          minmay_crystal_room
D:3:      layout_basic
D:4:      layout_basic, corexii_item_surrounded_by_moat
D:5:      layout_cave_pools, kennysheep_mini_moat, kennysheep_slug_shrine,
          serial_shops, nicolae_shop_hallway_plus, portal_sewer_entry_f
D:6:      layout_cave_pods, kb_rosetta
D:7:      nzn_winding_woodlands_cross [nzn_winding_woodlands_5x15_sidewinder,
          nzn_winding_woodlands_5x15_river_crossing,
          nzn_winding_woodlands_5x15_twine, nzn_winding_woodlands_5x15_sawtooth,
          nzn_winding_woodlands_15x15_killbox], layout_rooms,
          chequers_temple_overflow_statue_of_worship,
          minmay_temple_entry_stoned_glass

Skill      XL: |  1  2  3  4  5  6  7  8  9 |
---------------+----------------------------+-----
Stealth        | 6 7 8 9 10 11 12 | 12.2
Short Blades   | 3 4 5 6 7 8 |  8.7
Dodging        | 2 3 4 6 7 |  7.8
Spellcasting   | 1 2 4 5 6 |  6.4
Fighting       | |  1.5
Throwing       | |  2.0

Action                     |  1- 3 |  4- 6 |  7- 9 || total
---------------------------+-------+-------+-------++-------
  Melee: Dagger            |    97 |   108 |   222 ||   427
         Punch             |       |     1 |     7 ||     8
  Throw: Dart              |    12 |    11 |    26 ||    49
  Evoke: Wand              |       |       |    15 ||    15
    Use: Scroll            |    11 |     4 |     4 ||    19
         Potion            |       |     2 |     2 ||     4
   Stab: Sleeping          |    14 |     7 |     6 ||    27
         Distracted        |       |       |     1 ||     1
 Armour: Robe              |     7 |     9 |    16 ||    32
  Dodge: Dodged            |    52 |    90 |   185 ||   327
